San Jose Sharks vs Los Angeles Kings
Created - Saturday, April 6, 2024 at 06:29
Goals
|
| San Jose Sharks |
0 |
2 |
0 |
2 |
| Los Angeles Kings |
1 |
1 |
1 |
3 |
|
Shots
|
| San Jose Sharks |
11 |
13 |
18 |
42 |
| Los Angeles Kings |
9 |
13 |
16 |
38 |
|
1st period
1. Los Angeles Kings , Andrei Svechnikov 11 (Seth Jarvis 19) at 2:13 (PP)
Penalties :
Dmitry Orlov (SJS) for Roughing (Minor) at 2:07, K'Andre Miller (LAK) for Roughing (Minor) at 4:30, Calle Rosen (SJS) for Hooking (Minor) at 16:16
2nd period
2. San Jose Sharks , Ivan Barbashev 14 (Adam Henrique 27) at 1:07 (PP)
3. San Jose Sharks , William Karlsson 14 (Connor Murphy 9, Valeri Nichushkin 32) at 10:54 (PP)
4. Los Angeles Kings , Peyton Krebs 9 (Alexander Radulov 15) at 11:31
Penalties :
Andrei Svechnikov (LAK) for Goalie Interference (Minor) at 1:05, Andrei Svechnikov (LAK) for High sticking (Minor) at 2:47, Trent Frederic (LAK) for Hooking (Minor) at 5:30, Ryan Reaves (LAK) for Roughing (Minor) at 10:07, Alex Nedeljkovic (SJS) for Delaying the game (Minor) at 14:03 - Ryan Hartman served the penalty
3rd period
5. Los Angeles Kings , Erik Brannstrom 3 (Cole Perfetti 14, Peyton Krebs 13) at 10:36
Penalties :
Seth Jarvis (LAK) for Hooking (Minor) at 1:28, Andrei Svechnikov (LAK) for Hooking (Minor) at 11:00
Goalie Stats
Alex Nedeljkovic (SJS), 35 saves from 38 shots - (0.921), L, 0-3-0, 58:57 minutes
John Gibson (LAK), 40 saves from 42 shots - (0.952), W, 18-17-5, 60:00 minutes
Players Stats for San Jose Sharks
Player Name G A P +/- PIM S H SB GA TA FO MP PP MP PK MP
------------------------------------------------------------------------------------
Adam Henrique 0 1 1 0 0 5 0 0 2 0 16/22 19:09 5:17 2:05
Andreas Athanasiou 0 0 0 -1 0 0 0 0 2 0 0/0 12:21 0:08 0:00
Calle Rosen 0 0 0 0 2 0 0 1 0 0 0/0 13:46 0:00 0:00
Christian Dvorak 0 0 0 0 0 7 1 0 0 0 1/3 17:15 5:17 0:02
Christopher Tanev 0 0 0 -2 0 1 1 2 0 2 0/0 20:28 5:23 0:00
Connor Murphy 0 1 1 -2 0 0 4 2 0 0 0/0 22:48 5:23 2:01
Derek Forbort 0 0 0 0 0 3 3 0 0 0 0/0 23:34 5:21 2:03
Dmitry Orlov 0 0 0 0 2 0 2 0 1 0 0/0 23:27 5:21 1:57
Dylan Strome 0 0 0 -1 0 7 1 1 0 0 1/1 20:41 5:19 2:05
Ilya Mikheyev 0 0 0 0 0 3 0 0 0 0 0/2 7:47 0:00 0:02
Ivan Barbashev 1 0 1 0 0 5 4 0 0 1 2/4 17:04 5:17 0:00
John Hayden 0 0 0 0 0 1 0 1 0 0 0/0 7:36 0:00 0:00
Rickard Rakell 0 0 0 -1 0 4 1 1 1 1 0/1 12:08 0:00 0:00
Ryan Hartman 0 0 0 -1 0 0 3 0 1 0 3/5 12:31 0:08 0:00
Simon Nemec 0 0 0 0 0 0 2 2 0 0 0/0 16:04 0:00 2:07
Valeri Nichushkin 0 1 1 -1 0 1 3 0 4 0 1/3 20:56 5:27 1:57
Victor Olofsson 0 0 0 0 0 2 0 0 2 0 0/1 7:36 0:00 0:00
William Karlsson 1 0 1 -1 0 3 2 0 1 0 13/18 20:43 5:19 1:57
Players Stats for Los Angeles Kings
Player Name G A P +/- PIM S H SB GA TA FO MP PP MP PK MP
------------------------------------------------------------------------------------
Alexander Radulov 0 1 1 1 0 4 2 0 0 0 4/18 18:19 1:35 5:07
Alexander Romanov 0 0 0 1 0 2 2 5 0 2 0/0 24:57 2:32 5:21
Andrei Kuzmenko 0 0 0 0 0 2 1 0 0 1 0/3 20:45 2:29 5:05
Andrei Svechnikov 1 0 1 0 6 3 2 1 0 0 3/3 19:07 2:29 3:12
Cole Perfetti 0 1 1 1 0 5 1 0 1 0 7/9 15:45 1:35 2:48
Cooper Marody 0 0 0 0 0 0 0 0 0 0 1/3 8:50 0:00 0:00
Erik Brannstrom 1 0 1 1 0 2 0 1 0 1 0/0 15:37 0:00 1:07
Jakub Zboril 0 0 0 0 0 0 1 0 0 0 0/0 8:50 0:00 0:00
Joshua Brown 0 0 0 1 0 1 2 0 0 3 0/0 13:44 0:00 0:00
K'Andre Miller 0 0 0 1 2 2 1 2 1 0 0/0 23:08 2:32 4:14
Marco Rossi 0 0 0 1 0 1 0 0 0 1 1/1 12:56 1:35 0:00
Noah Dobson 0 0 0 0 0 4 1 4 1 1 0/0 21:19 1:32 5:23
Owen Power 0 0 0 0 0 2 0 4 0 1 0/0 21:19 1:32 5:23
Peyton Krebs 1 1 2 1 0 3 0 2 0 0 1/3 13:38 0:00 1:13
Ryan Reaves 0 0 0 1 2 0 0 0 0 0 1/1 11:20 0:00 0:00
Seth Jarvis 0 1 1 0 2 0 0 0 0 1 5/19 19:14 2:29 4:03
Trent Frederic 0 0 0 1 2 3 1 0 1 3 0/0 11:31 0:00 0:00
Vitali Kravtsov 0 0 0 0 0 4 1 0 0 0 0/0 8:50 0:00 0:00
3 Stars
1 - John Gibson (LAK)
2 - Peyton Krebs (LAK)
3 - Ivan Barbashev (SJS)
Power Play
San Jose Sharks - 2 on 7 Attempt(s) - 28.57%
Los Angeles Kings - 1 on 3 Attempt(s) - 33.33%
Penalty Kill
San Jose Sharks - 2 on 3 Attempt(s) - 66.67%
- Score 0 goal in Penalty Kill
Los Angeles Kings - 5 on 7 Attempt(s) - 71.43%
- Score 0 goal in Penalty Kill
Team Stat
San Jose Sharks - Hits : 27 - Faceoff Wins : 37 - Blocked Shots : 10 - Penalty Minutes : 6
Los Angeles Kings - Hits : 15 - Faceoff Wins : 23 - Blocked Shots : 19 - Penalty Minutes : 14
Official
Referees : Dave Lewis and Kyle Rehman
Linesman : Greg Devorski and Steve Barton
Game Notes
No Game Note
Finance
Level 1 -- Attendance: 4659 (77.65%) -- Ticket Income $465,900
Level 2 -- Attendance: 3832 (76.64%) -- Ticket Income $229,920
Level 3 -- Attendance: 2309 (76.97%) -- Ticket Income $80,815
Level 4 -- Attendance: 3701 (74.02%) -- Ticket Income $92,525
Luxury Box -- Attendance: 721 (72.10%) -- Ticket Income $144,200
Game was played at the Staples Center.
Total Attendance: 15222 (76.11%)
Total Ticket Income: $1,013,360
Other Income: $354,676
Total Income: $1,368,036
San Jose Sharks
5 vs 5 Forward
Center Left Wing Right Wing Time % Phy DF OF
1 William Karlsson Valeri Nichushkin Dylan Strome 30 1 2 2
2 Adam Henrique Christian Dvorak Ivan Barbashev 30 1 2 2
3 Ryan Hartman Andreas Athanasiou Rickard Rakell 25 1 2 2
4 Ilya Mikheyev Victor Olofsson John Hayden 15 1 2 2
5 vs 5 Defense
Defense Defense Time % Phy DF OF
1 Dmitry Orlov Derek Forbort 35 1 2 2
2 Christopher Tanev Connor Murphy 35 1 2 2
3 Simon Nemec Calle Rosen 30 1 2 2
4 Dmitry Orlov Derek Forbort 0 1 2 2
PowerPlay Forward
Center Left Wing Right Wing Time % Phy DF OF
1 William Karlsson Valeri Nichushkin Dylan Strome 50 1 2 2
2 Adam Henrique Christian Dvorak Ivan Barbashev 50 1 2 2
PowerPlay Defense
Defense Defense Time % Phy DF OF
1 Dmitry Orlov Derek Forbort 50 1 2 2
2 Christopher Tanev Connor Murphy 50 1 2 2
Penalty Kill 4 Players Forward
Center Wing Time % Phy DF OF
1 Valeri Nichushkin William Karlsson 50 1 2 2
2 Adam Henrique Dylan Strome 50 1 2 2
Penalty Kill 4 Players Defense
Defense Defense Time % Phy DF OF
1 Dmitry Orlov Derek Forbort 50 1 2 2
2 Simon Nemec Connor Murphy 50 1 2 2
Penalty Kill - 3 Players Forward
Forward Time % Phy DF OF
1 Valeri Nichushkin 50 1 2 2
2 William Karlsson 50 1 2 2
Penalty Kill - 3 Players Defense
Defense Defense Time % Phy DF OF
1 Dmitry Orlov Derek Forbort 50 1 2 2
2 Simon Nemec Connor Murphy 50 1 2 2
4 vs 4 Forward
Center Wing Time % Phy DF OF
1 Valeri Nichushkin William Karlsson 50 1 2 2
2 Adam Henrique Dylan Strome 50 1 2 2
4 vs 4 Defense
Defense Defense Time % Phy DF OF
1 Dmitry Orlov Derek Forbort 50 1 2 2
2 Christopher Tanev Connor Murphy 50 1 2 2
Last Minutes Offensive
Center Left Wing Right Wing Defense Defense
William Karlsson Valeri Nichushkin Dylan Strome Dmitry Orlov Derek Forbort
Last Minutes Defensive
Center Left Wing Right Wing Defense Defense
William Karlsson Valeri Nichushkin Dylan Strome Dmitry Orlov Derek Forbort
Goaltenders
Starting : Alex Nedeljkovic
Backup : Logan Thompson
Extra Forwards
Normal : Ryan Hartman, Andreas Athanasiou, William Karlsson - PP : Ryan Hartman, Andreas Athanasiou - PK : Valeri Nichushkin
Extra Defensemen
Normal : Christopher Tanev, Simon Nemec, Derek Forbort - PP : Christopher Tanev - PK : Simon Nemec, Dmitry Orlov
Penalty Shots
Valeri Nichushkin, William Karlsson, Adam Henrique, Dylan Strome, Christian Dvorak
Los Angeles Kings
5 vs 5 Forward
Center Left Wing Right Wing Time % Phy DF OF
1 Seth Jarvis Andrei Svechnikov Andrei Kuzmenko 30 1 2 2
2 Alexander Radulov Trent Frederic Peyton Krebs 30 1 2 2
3 Cole Perfetti Ryan Reaves Marco Rossi 25 1 2 2
4 Cooper Marody Vitali Kravtsov Jakub Zboril 15 1 2 2
5 vs 5 Defense
Defense Defense Time % Phy DF OF
1 K'Andre Miller Alexander Romanov 35 1 2 2
2 Noah Dobson Owen Power 35 1 2 2
3 Joshua Brown Erik Brannstrom 30 1 2 2
4 K'Andre Miller Alexander Romanov 0 1 2 2
PowerPlay Forward
Center Left Wing Right Wing Time % Phy DF OF
1 Seth Jarvis Andrei Svechnikov Andrei Kuzmenko 50 1 2 2
2 Alexander Radulov Cole Perfetti Marco Rossi 50 1 2 2
PowerPlay Defense
Defense Defense Time % Phy DF OF
1 K'Andre Miller Alexander Romanov 50 1 2 2
2 Noah Dobson Owen Power 50 1 2 2
Penalty Kill 4 Players Forward
Center Wing Time % Phy DF OF
1 Andrei Svechnikov Andrei Kuzmenko 50 1 2 2
2 Alexander Radulov Seth Jarvis 50 1 2 2
Penalty Kill 4 Players Defense
Defense Defense Time % Phy DF OF
1 K'Andre Miller Alexander Romanov 50 1 2 2
2 Noah Dobson Owen Power 50 1 2 2
Penalty Kill - 3 Players Forward
Forward Time % Phy DF OF
1 Andrei Svechnikov 50 1 2 2
2 Andrei Kuzmenko 50 1 2 2
Penalty Kill - 3 Players Defense
Defense Defense Time % Phy DF OF
1 K'Andre Miller Alexander Romanov 50 1 2 2
2 Noah Dobson Owen Power 50 1 2 2
4 vs 4 Forward
Center Wing Time % Phy DF OF
1 Andrei Svechnikov Andrei Kuzmenko 50 1 2 2
2 Alexander Radulov Seth Jarvis 50 1 2 2
4 vs 4 Defense
Defense Defense Time % Phy DF OF
1 K'Andre Miller Alexander Romanov 50 1 2 2
2 Noah Dobson Owen Power 50 1 2 2
Last Minutes Offensive
Center Left Wing Right Wing Defense Defense
Seth Jarvis Andrei Svechnikov Andrei Kuzmenko K'Andre Miller Alexander Romanov
Last Minutes Defensive
Center Left Wing Right Wing Defense Defense
Seth Jarvis Andrei Svechnikov Andrei Kuzmenko K'Andre Miller Alexander Romanov
Goaltenders
Starting : John Gibson
Backup : Jonas Johansson
Extra Forwards
Normal : Marco Rossi, Alexander Radulov, Cole Perfetti - PP : Marco Rossi, Alexander Radulov - PK : Cole Perfetti
Extra Defensemen
Normal : Joshua Brown, Erik Brannstrom, Noah Dobson - PP : Joshua Brown - PK : Erik Brannstrom, Noah Dobson
Penalty Shots
Andrei Svechnikov, Andrei Kuzmenko, Cole Perfetti, Seth Jarvis, Alexander Radulov
% Time on Ice - San Jose Sharks
Lines # - Real PCT - Wanted PCT - Time Play
Normal Forward
1 - 28% - 30% - 12:22
2 - 27% - 30% - 11:56
3 - 28% - 25% - 12:08
4 - 17% - 15% - 7:36
Normal Defense
1 - 34% - 35% - 14:49
2 - 35% - 35% - 15:16
3 - 31% - 30% - 13:38
4 - 1% - 0% - 0:19
PP Forward
1 - 51% - 50% - 5:27
2 - 49% - 50% - 5:17
PP Defense
1 - 50% - 50% - 5:21
2 - 50% - 50% - 5:23
PK Forward
1 - 48% - 50% - 1:57
2 - 52% - 50% - 2:07
PK Defense
1 - 50% - 50% - 2:03
2 - 50% - 50% - 2:01
PK3 Forward
1 - 0% - 50%
2 - 0% - 50%
PK3 Defense
1 - 0% - 50%
2 - 0% - 50%
44 Forward
1 - 0% - 50%
2 - 0% - 50%
44 Defense
1 - 0% - 50%
2 - 0% - 50%
Last Minute Offensive - 1:10
Last Minute Defensive - 0:00
Total
Forward - 60:00
Defense - 60:00
|
% Time on Ice - Los Angeles Kings
Lines # - Real PCT - Wanted PCT - Time Play
Normal Forward
1 - 27% - 30% - 11:50
2 - 27% - 30% - 12:00
3 - 26% - 25% - 11:21
4 - 20% - 15% - 8:50
Normal Defense
1 - 35% - 35% - 15:33
2 - 33% - 35% - 14:24
3 - 31% - 30% - 13:35
4 - 1% - 0% - 0:29
PP Forward
1 - 61% - 50% - 2:29
2 - 39% - 50% - 1:35
PP Defense
1 - 62% - 50% - 2:32
2 - 38% - 50% - 1:32
PK Forward
1 - 48% - 50% - 5:10
2 - 52% - 50% - 5:34
PK Defense
1 - 50% - 50% - 5:21
2 - 50% - 50% - 5:23
PK3 Forward
1 - 0% - 50%
2 - 0% - 50%
PK3 Defense
1 - 0% - 50%
2 - 0% - 50%
44 Forward
1 - 0% - 50%
2 - 0% - 50%
44 Defense
1 - 0% - 50%
2 - 0% - 50%
Last Minute Offensive - 0:00
Last Minute Defensive - 1:11
Total
Forward - 60:00
Defense - 60:00
|
Play-by-Play
1st period
0:01 of 1st period - William Karlsson wins face-off versus Andrei Kuzmenko in neutral zone.
0:03 of 1st period - Off-side.
0:04 of 1st period - William Karlsson wins face-off versus Andrei Kuzmenko in neutral zone.
0:53 of 1st period - Slapshot by Trent Frederic.
0:53 of 1st period - Stopped by Alex Nedeljkovic with a rebound.
1:37 of 1st period - Snap shot by Valeri Nichushkin.
1:37 of 1st period - Stopped by John Gibson with a rebound.
2:07 of 1st period - Minor Penalty to Dmitry Orlov for Roughing.
2:08 of 1st period - Seth Jarvis wins face-off versus Valeri Nichushkin in San Jose Sharks zone.
2:13 of 1st period - Snap shot by Andrei Svechnikov.
2:13 of 1st period - Goal by Andrei Svechnikov - San Jose Sharks : 0 - Los Angeles Kings : 1.
2:14 of 1st period - Cole Perfetti wins face-off versus Ryan Hartman in neutral zone.
2:37 of 1st period - Icing by Owen Power.
2:38 of 1st period - Cole Perfetti wins face-off versus Adam Henrique in Los Angeles Kings zone.
2:38 of 1st period - Cole Perfetti is hit by Christian Dvorak.
2:52 of 1st period - Wrist shot by Adam Henrique.
2:52 of 1st period - Shot Misses the Net.
2:54 of 1st period - Wrist shot by Adam Henrique.
2:54 of 1st period - Shot Blocked by Peyton Krebs.
3:06 of 1st period - Slapshot by Noah Dobson.
3:06 of 1st period - Shot Blocked by Christopher Tanev.
3:32 of 1st period - Snap shot by Andrei Kuzmenko.
3:32 of 1st period - Stopped by Alex Nedeljkovic with a rebound.
3:34 of 1st period - Wrist shot by Seth Jarvis.
3:34 of 1st period - Shot Misses the Net.
3:36 of 1st period - Slapshot by Owen Power.
3:36 of 1st period - Deflect By Ryan Hartman.
3:36 of 1st period - Stopped by Alex Nedeljkovic without a rebound.
3:37 of 1st period - Cole Perfetti wins face-off versus Ilya Mikheyev in San Jose Sharks zone.
3:42 of 1st period - Wrist shot by Marco Rossi.
3:42 of 1st period - Stopped by Alex Nedeljkovic with a rebound.
4:30 of 1st period - Minor Penalty to K'Andre Miller for Roughing.
4:31 of 1st period - Andrei Svechnikov wins face-off versus William Karlsson in Los Angeles Kings zone.
5:17 of 1st period - Alexander Radulov is hit by Ivan Barbashev and loses puck.
5:40 of 1st period - Wrist shot by Andrei Kuzmenko.
5:40 of 1st period - Shot Misses the Net.
6:30 of 1st period - Penalty to K'Andre Miller is over, K'Andre Miller is back on ice.
7:00 of 1st period - Snap shot by Andreas Athanasiou.
7:00 of 1st period - Shot Blocked by Alexander Romanov.
7:34 of 1st period - Dmitry Orlov is hit by Vitali Kravtsov and loses puck.
7:47 of 1st period - Owen Power is hit by Dylan Strome and loses puck.
8:27 of 1st period - Snap shot by Cooper Marody.
8:27 of 1st period - Shot Blocked by Connor Murphy.
8:33 of 1st period - Wrist shot by Victor Olofsson.
8:33 of 1st period - Stopped by John Gibson without a rebound.
8:34 of 1st period - Adam Henrique wins face-off versus Seth Jarvis in Los Angeles Kings zone.
8:37 of 1st period - Wrist shot by Christian Dvorak.
8:37 of 1st period - Shot Misses the Net.
8:51 of 1st period - Andrei Kuzmenko is hit by Ivan Barbashev and loses puck.
9:09 of 1st period - Off-side.
9:10 of 1st period - William Karlsson wins face-off versus Cole Perfetti in neutral zone.
9:23 of 1st period - Snap shot by Dylan Strome.
9:23 of 1st period - Stopped by John Gibson with a rebound.
9:45 of 1st period - Alexander Romanov is hit by Dmitry Orlov and loses puck.
10:02 of 1st period - Snap shot by Trent Frederic.
10:02 of 1st period - Stopped by Alex Nedeljkovic with a rebound.
11:52 of 1st period - Snap shot by Ivan Barbashev.
11:52 of 1st period - Shot Misses the Net.
11:54 of 1st period - Slapshot by Christian Dvorak.
11:54 of 1st period - Stopped by John Gibson without a rebound.
11:55 of 1st period - Ryan Hartman wins face-off versus Alexander Radulov in Los Angeles Kings zone.
12:08 of 1st period - Wrist shot by Rickard Rakell.
12:08 of 1st period - Stopped by John Gibson with a rebound.
12:10 of 1st period - Slapshot by Derek Forbort.
12:10 of 1st period - Deflect By Noah Dobson.
12:10 of 1st period - Stopped by John Gibson with a rebound.
13:09 of 1st period - Slapshot by Rickard Rakell.
13:09 of 1st period - Shot Blocked by Noah Dobson.
13:11 of 1st period - Slapshot by Derek Forbort.
13:11 of 1st period - Shot Blocked by Owen Power.
13:13 of 1st period - Slapshot by Rickard Rakell.
13:13 of 1st period - Stopped by John Gibson without a rebound.
13:14 of 1st period - William Karlsson wins face-off versus Peyton Krebs in Los Angeles Kings zone.
13:29 of 1st period - Snap shot by William Karlsson.
13:29 of 1st period - Shot Misses the Net.
13:49 of 1st period - Slapshot by Andrei Kuzmenko.
13:49 of 1st period - Shot Misses the Net.
14:27 of 1st period - Slapshot by Ilya Mikheyev.
14:27 of 1st period - Stopped by John Gibson without a rebound.
14:28 of 1st period - Alexander Radulov wins face-off versus Victor Olofsson in Los Angeles Kings zone.
14:35 of 1st period - Backhand shot by Ilya Mikheyev.
14:35 of 1st period - Stopped by John Gibson without a rebound.
14:36 of 1st period - William Karlsson wins face-off versus Alexander Radulov in Los Angeles Kings zone.
15:51 of 1st period - Snap shot by Victor Olofsson.
15:51 of 1st period - Shot Misses the Net.
16:16 of 1st period - Minor Penalty to Calle Rosen for Hooking.
16:17 of 1st period - Dylan Strome wins face-off versus Alexander Radulov in San Jose Sharks zone.
16:33 of 1st period - Wrist shot by Alexander Radulov.
16:33 of 1st period - Stopped by Alex Nedeljkovic without a rebound.
16:34 of 1st period - Adam Henrique wins face-off versus Seth Jarvis in San Jose Sharks zone.
16:45 of 1st period - Slapshot by Adam Henrique.
16:45 of 1st period - Shot Misses the Net.
16:59 of 1st period - Dmitry Orlov is hit by Cole Perfetti and loses puck.
18:16 of 1st period - Penalty to Calle Rosen is over, Calle Rosen is back on ice.
18:30 of 1st period - Snap shot by Christian Dvorak.
18:30 of 1st period - Stopped by John Gibson with a rebound.
18:32 of 1st period - Slapshot by Christopher Tanev.
18:32 of 1st period - Stopped by John Gibson with a rebound.
18:34 of 1st period - Snap shot by Christopher Tanev.
18:34 of 1st period - Deflect By Andreas Athanasiou.
18:34 of 1st period - Shot Blocked by Alexander Romanov.
18:34 of 1st period - Puck is out of play.
18:35 of 1st period - Cooper Marody wins face-off versus Ryan Hartman in Los Angeles Kings zone.
19:00 of 1st period - Calle Rosen is hit by Alexander Radulov and loses puck.
19:08 of 1st period - Peyton Krebs is hit by Ryan Hartman and loses puck.
19:18 of 1st period - Off-side.
19:19 of 1st period - Cole Perfetti wins face-off versus William Karlsson in neutral zone.
19:22 of 1st period - Snap shot by Noah Dobson.
19:22 of 1st period - Shot Misses the Net.
19:24 of 1st period - Wrist shot by Noah Dobson.
19:24 of 1st period - Stopped by Alex Nedeljkovic without a rebound.
19:25 of 1st period - Cole Perfetti wins face-off versus William Karlsson in San Jose Sharks zone.
19:34 of 1st period - Slapshot by Noah Dobson.
19:34 of 1st period - Stopped by Alex Nedeljkovic without a rebound.
19:35 of 1st period - Seth Jarvis wins face-off versus Christian Dvorak in San Jose Sharks zone.
19:36 of 1st period - Wrist shot by Andrei Svechnikov.
19:36 of 1st period - Shot Misses the Net.
Goals for this period are 0 for San Jose Sharks vs 1 for Los Angeles Kings.
Shots for this period are 11 for San Jose Sharks vs 9 for Los Angeles Kings.
2nd period
0:01 of 2nd period - Seth Jarvis wins face-off versus Adam Henrique in neutral zone.
0:23 of 2nd period - Icing by Ivan Barbashev.
0:24 of 2nd period - Adam Henrique wins face-off versus Peyton Krebs in San Jose Sharks zone.
0:29 of 2nd period - Snap shot by Ivan Barbashev.
0:29 of 2nd period - Shot Hit the Post.
0:55 of 2nd period - Snap shot by Rickard Rakell.
0:55 of 2nd period - Shot Misses the Net.
0:57 of 2nd period - Slapshot by Derek Forbort.
0:57 of 2nd period - Stopped by John Gibson with a rebound.
1:05 of 2nd period - Minor Penalty to Andrei Svechnikov for Goalie Interference.
1:06 of 2nd period - Adam Henrique wins face-off versus Alexander Radulov in Los Angeles Kings zone.
1:07 of 2nd period - Slapshot by Ivan Barbashev.
1:07 of 2nd period - Deflect By Owen Power.
1:07 of 2nd period - Goal by Ivan Barbashev - San Jose Sharks : 1 - Los Angeles Kings : 1.
1:08 of 2nd period - William Karlsson wins face-off versus Alexander Radulov in neutral zone.
1:13 of 2nd period - Snap shot by William Karlsson.
1:13 of 2nd period - Stopped by John Gibson with a rebound.
1:23 of 2nd period - Snap shot by Trent Frederic.
1:23 of 2nd period - Shot Blocked by Christopher Tanev.
1:42 of 2nd period - Wrist shot by Andrei Kuzmenko.
1:42 of 2nd period - Stopped by Alex Nedeljkovic without a rebound.
1:43 of 2nd period - Peyton Krebs wins face-off versus William Karlsson in San Jose Sharks zone.
1:46 of 2nd period - Wrist shot by Alexander Radulov.
1:46 of 2nd period - Shot Misses the Net.
1:48 of 2nd period - Slapshot by Trent Frederic.
1:48 of 2nd period - Deflect By Alexander Radulov.
1:48 of 2nd period - Shot Hit the Post.
1:48 of 2nd period - Puck is out of play.
1:49 of 2nd period - William Karlsson wins face-off versus Alexander Radulov in San Jose Sharks zone.
2:04 of 2nd period - Slapshot by Noah Dobson.
2:04 of 2nd period - Stopped by Alex Nedeljkovic with a rebound.
2:21 of 2nd period - Off-side.
2:22 of 2nd period - Adam Henrique wins face-off versus Seth Jarvis in neutral zone.
2:22 of 2nd period - Adam Henrique is hit by Alexander Romanov.
2:47 of 2nd period - Minor Penalty to Andrei Svechnikov for High sticking.
2:48 of 2nd period - Christian Dvorak wins face-off versus Alexander Radulov in Los Angeles Kings zone.
2:53 of 2nd period - Snap shot by Christian Dvorak.
2:53 of 2nd period - Shot Blocked by Noah Dobson.
3:13 of 2nd period - Owen Power is hit by Connor Murphy and loses puck.
3:26 of 2nd period - Snap shot by Dylan Strome.
3:26 of 2nd period - Stopped by John Gibson without a rebound.
3:27 of 2nd period - Adam Henrique wins face-off versus Alexander Radulov in Los Angeles Kings zone.
3:28 of 2nd period - Snap shot by Christian Dvorak.
3:28 of 2nd period - Stopped by John Gibson with a rebound.
3:52 of 2nd period - Icing by Valeri Nichushkin.
3:53 of 2nd period - Alexander Radulov wins face-off versus Valeri Nichushkin in San Jose Sharks zone.
3:56 of 2nd period - Wrist shot by Alexander Radulov.
3:56 of 2nd period - Stopped by Alex Nedeljkovic with a rebound.
4:30 of 2nd period - Wrist shot by Dylan Strome.
4:30 of 2nd period - Stopped by John Gibson without a rebound.
4:31 of 2nd period - Adam Henrique wins face-off versus Alexander Radulov in Los Angeles Kings zone.
4:40 of 2nd period - Wrist shot by Adam Henrique.
4:40 of 2nd period - Shot Misses the Net.
4:47 of 2nd period - Penalty to Andrei Svechnikov is over, Andrei Svechnikov is back on ice.
5:03 of 2nd period - Off-side.
5:04 of 2nd period - Marco Rossi wins face-off versus Adam Henrique in neutral zone.
5:11 of 2nd period - Snap shot by Cole Perfetti.
5:11 of 2nd period - Shot Misses the Net.
5:13 of 2nd period - Slapshot by Cole Perfetti.
5:13 of 2nd period - Stopped by Alex Nedeljkovic with a rebound.
5:15 of 2nd period - Slapshot by Erik Brannstrom.
5:15 of 2nd period - Stopped by Alex Nedeljkovic with a rebound.
5:17 of 2nd period - Slapshot by Joshua Brown.
5:17 of 2nd period - Deflect By Cole Perfetti.
5:17 of 2nd period - Stopped by Alex Nedeljkovic without a rebound.
5:18 of 2nd period - William Karlsson wins face-off versus Alexander Radulov in San Jose Sharks zone.
5:30 of 2nd period - Minor Penalty to Trent Frederic for Hooking.
5:31 of 2nd period - Alexander Radulov wins face-off versus Adam Henrique in Los Angeles Kings zone.
7:30 of 2nd period - Penalty to Trent Frederic is over, Trent Frederic is back on ice.
7:53 of 2nd period - Andreas Athanasiou is hit by Joshua Brown.
7:57 of 2nd period - Snap shot by Rickard Rakell.
7:57 of 2nd period - Stopped by John Gibson with a rebound.
8:42 of 2nd period - Peyton Krebs is hit by Rickard Rakell.
8:52 of 2nd period - K'Andre Miller is hit by Ryan Hartman and loses puck.
8:57 of 2nd period - Slapshot by Andreas Athanasiou.
8:57 of 2nd period - Shot Misses the Net.
8:59 of 2nd period - Wrist shot by Rickard Rakell.
8:59 of 2nd period - Shot Blocked by Peyton Krebs.
9:21 of 2nd period - Slapshot by Peyton Krebs.
9:21 of 2nd period - Shot Misses the Net.
9:23 of 2nd period - Wrist shot by Peyton Krebs.
9:23 of 2nd period - Stopped by Alex Nedeljkovic without a rebound.
9:24 of 2nd period - Adam Henrique wins face-off versus Seth Jarvis in San Jose Sharks zone.
9:24 of 2nd period - Adam Henrique is hit by Andrei Svechnikov.
9:34 of 2nd period - Snap shot by Andrei Svechnikov.
9:34 of 2nd period - Shot Blocked by Simon Nemec.
9:50 of 2nd period - Cole Perfetti is hit by Valeri Nichushkin and loses puck.
10:07 of 2nd period - Minor Penalty to Ryan Reaves for Roughing.
10:08 of 2nd period - Andrei Svechnikov wins face-off versus Ivan Barbashev in Los Angeles Kings zone.
10:08 of 2nd period - Andrei Svechnikov is hit by Dmitry Orlov.
10:18 of 2nd period - Slapshot by Ivan Barbashev.
10:18 of 2nd period - Deflect By Christian Dvorak.
10:18 of 2nd period - Stopped by John Gibson with a rebound.
10:20 of 2nd period - Slapshot by Derek Forbort.
10:20 of 2nd period - Shot Blocked by Andrei Svechnikov.
10:22 of 2nd period - Snap shot by Adam Henrique.
10:22 of 2nd period - Stopped by John Gibson with a rebound.
10:24 of 2nd period - Slapshot by Derek Forbort.
10:24 of 2nd period - Shot Misses the Net.
10:40 of 2nd period - Wrist shot by Dylan Strome.
10:40 of 2nd period - Stopped by John Gibson without a rebound.
10:41 of 2nd period - William Karlsson wins face-off versus Alexander Radulov in Los Angeles Kings zone.
10:50 of 2nd period - Snap shot by William Karlsson.
10:50 of 2nd period - Shot Blocked by Noah Dobson.
10:52 of 2nd period - Slapshot by Connor Murphy.
10:52 of 2nd period - Shot Blocked by Noah Dobson.
10:54 of 2nd period - Wrist shot by William Karlsson.
10:54 of 2nd period - Goal by William Karlsson - San Jose Sharks : 2 - Los Angeles Kings : 1.
10:55 of 2nd period - Adam Henrique wins face-off versus Andrei Kuzmenko in neutral zone.
11:22 of 2nd period - Connor Murphy is hit by Alexander Radulov and loses puck.
11:29 of 2nd period - Wrist shot by Peyton Krebs.
11:29 of 2nd period - Stopped by Alex Nedeljkovic with a rebound.
11:31 of 2nd period - Wrist shot by Peyton Krebs.
11:31 of 2nd period - Goal by Peyton Krebs - San Jose Sharks : 2 - Los Angeles Kings : 2.
11:32 of 2nd period - Adam Henrique wins face-off versus Seth Jarvis in neutral zone.
11:57 of 2nd period - Valeri Nichushkin is hit by Trent Frederic and loses puck.
12:24 of 2nd period - Derek Forbort is hit by Noah Dobson and loses puck.
12:50 of 2nd period - Ryan Hartman is hit by Joshua Brown.
13:37 of 2nd period - Slapshot by Owen Power.
13:37 of 2nd period - Shot Blocked by John Hayden.
13:45 of 2nd period - Wrist shot by Victor Olofsson.
13:45 of 2nd period - Shot Misses the Net.
13:47 of 2nd period - Slapshot by Connor Murphy.
13:47 of 2nd period - Shot Blocked by Owen Power.
14:03 of 2nd period - Wrist shot by Noah Dobson.
14:03 of 2nd period - Deflect By Rickard Rakell.
14:03 of 2nd period - Stopped by Alex Nedeljkovic without a rebound.
14:03 of 2nd period - Minor Penalty to Alex Nedeljkovic for Delaying the game.
14:04 of 2nd period - Adam Henrique wins face-off versus Seth Jarvis in San Jose Sharks zone.
14:04 of 2nd period - Adam Henrique is hit by K'Andre Miller.
14:11 of 2nd period - Dmitry Orlov is hit by Andrei Kuzmenko and loses puck.
14:17 of 2nd period - Off-side.
14:18 of 2nd period - William Karlsson wins face-off versus Alexander Radulov in neutral zone.
14:31 of 2nd period - Wrist shot by Owen Power.
14:31 of 2nd period - Stopped by Alex Nedeljkovic without a rebound.
14:32 of 2nd period - Adam Henrique wins face-off versus Seth Jarvis in San Jose Sharks zone.
15:05 of 2nd period - William Karlsson is hit by Andrei Svechnikov and loses puck.
15:34 of 2nd period - Wrist shot by Andrei Svechnikov.
15:34 of 2nd period - Shot Misses the Net.
16:03 of 2nd period - Penalty to Ryan Hartman is over, Ryan Hartman is back on ice.
16:12 of 2nd period - Snap shot by Owen Power.
16:12 of 2nd period - Deflect By Cooper Marody.
16:12 of 2nd period - Shot Misses the Net.
16:12 of 2nd period - Puck is out of play.
16:13 of 2nd period - Ryan Hartman wins face-off versus Cooper Marody in San Jose Sharks zone.
16:13 of 2nd period - Ryan Hartman is hit by Jakub Zboril.
16:23 of 2nd period - Backhand shot by Rickard Rakell.
16:23 of 2nd period - Stopped by John Gibson without a rebound.
16:24 of 2nd period - Adam Henrique wins face-off versus Alexander Radulov in Los Angeles Kings zone.
16:29 of 2nd period - Snap shot by Adam Henrique.
16:29 of 2nd period - Stopped by John Gibson with a rebound.
16:49 of 2nd period - Owen Power is hit by Ryan Hartman and loses puck.
17:30 of 2nd period - Snap shot by Trent Frederic.
17:30 of 2nd period - Shot Misses the Net.
17:40 of 2nd period - Slapshot by Noah Dobson.
17:40 of 2nd period - Shot Misses the Net.
17:42 of 2nd period - Wrist shot by Alexander Radulov.
17:42 of 2nd period - Stopped by Alex Nedeljkovic without a rebound.
17:43 of 2nd period - Adam Henrique wins face-off versus Seth Jarvis in San Jose Sharks zone.
17:50 of 2nd period - Slapshot by Connor Murphy.
17:50 of 2nd period - Shot Blocked by Owen Power.
18:50 of 2nd period - K'Andre Miller is hit by Ivan Barbashev and loses puck.
19:09 of 2nd period - Wrist shot by Dylan Strome.
19:09 of 2nd period - Shot Blocked by K'Andre Miller.
19:13 of 2nd period - Wrist shot by Dylan Strome.
19:13 of 2nd period - Shot Blocked by Alexander Romanov.
19:23 of 2nd period - Marco Rossi is hit by Connor Murphy and loses puck.
19:48 of 2nd period - Slapshot by K'Andre Miller.
19:48 of 2nd period - Deflect By Vitali Kravtsov.
19:48 of 2nd period - Stopped by Alex Nedeljkovic with a rebound.
Goals for this period are 2 for San Jose Sharks vs 1 for Los Angeles Kings.
Shots for this period are 13 for San Jose Sharks vs 13 for Los Angeles Kings.
3rd period
0:01 of 3rd period - Adam Henrique wins face-off versus Seth Jarvis in neutral zone.
0:04 of 3rd period - Snap shot by Christian Dvorak.
0:04 of 3rd period - Deflect By Ivan Barbashev.
0:04 of 3rd period - Stopped by John Gibson with a rebound.
0:06 of 3rd period - Snap shot by Adam Henrique.
0:06 of 3rd period - Stopped by John Gibson without a rebound.
0:07 of 3rd period - Andrei Svechnikov wins face-off versus Christian Dvorak in Los Angeles Kings zone.
0:36 of 3rd period - Backhand shot by Alexander Radulov.
0:36 of 3rd period - Stopped by Alex Nedeljkovic with a rebound.
0:38 of 3rd period - Snap shot by Trent Frederic.
0:38 of 3rd period - Stopped by Alex Nedeljkovic with a rebound.
0:40 of 3rd period - Slapshot by Peyton Krebs.
0:40 of 3rd period - Shot Blocked by Dylan Strome.
0:42 of 3rd period - Slapshot by Joshua Brown.
0:42 of 3rd period - Stopped by Alex Nedeljkovic with a rebound.
1:04 of 3rd period - Wrist shot by Victor Olofsson.
1:04 of 3rd period - Stopped by John Gibson without a rebound.
1:05 of 3rd period - Ivan Barbashev wins face-off versus Seth Jarvis in Los Angeles Kings zone.
1:08 of 3rd period - Snap shot by Ivan Barbashev.
1:08 of 3rd period - Stopped by John Gibson with a rebound.
1:10 of 3rd period - Slapshot by Adam Henrique.
1:10 of 3rd period - Stopped by John Gibson with a rebound.
1:12 of 3rd period - Snap shot by Christian Dvorak.
1:12 of 3rd period - Stopped by John Gibson with a rebound.
1:14 of 3rd period - Slapshot by Ivan Barbashev.
1:14 of 3rd period - Stopped by John Gibson with a rebound.
1:16 of 3rd period - Snap shot by Adam Henrique.
1:16 of 3rd period - Stopped by John Gibson without a rebound.
1:17 of 3rd period - William Karlsson wins face-off versus Seth Jarvis in Los Angeles Kings zone.
1:26 of 3rd period - Snap shot by Dylan Strome.
1:26 of 3rd period - Stopped by John Gibson with a rebound.
1:28 of 3rd period - Minor Penalty to Seth Jarvis for Hooking.
1:29 of 3rd period - Adam Henrique wins face-off versus Alexander Radulov in Los Angeles Kings zone.
1:36 of 3rd period - Slapshot by Christian Dvorak.
1:36 of 3rd period - Deflect By Noah Dobson.
1:36 of 3rd period - Shot Misses the Net.
1:36 of 3rd period - Puck is out of play.
1:37 of 3rd period - Alexander Radulov wins face-off versus Ivan Barbashev in Los Angeles Kings zone.
2:30 of 3rd period - Snap shot by Andrei Svechnikov.
2:30 of 3rd period - Stopped by Alex Nedeljkovic with a rebound.
2:32 of 3rd period - Slapshot by K'Andre Miller.
2:32 of 3rd period - Stopped by Alex Nedeljkovic with a rebound.
2:44 of 3rd period - Alexander Radulov is hit by Derek Forbort and loses puck.
3:01 of 3rd period - Adam Henrique is hit by Alexander Romanov and loses puck.
3:28 of 3rd period - Penalty to Seth Jarvis is over, Seth Jarvis is back on ice.
5:18 of 3rd period - Trent Frederic is hit by Valeri Nichushkin and loses puck.
5:53 of 3rd period - Alexander Romanov is hit by Connor Murphy and loses puck.
6:10 of 3rd period - Wrist shot by Adam Henrique.
6:10 of 3rd period - Deflect By Ivan Barbashev.
6:10 of 3rd period - Stopped by John Gibson with a rebound.
6:12 of 3rd period - Snap shot by Calle Rosen.
6:12 of 3rd period - Deflect By Christian Dvorak.
6:12 of 3rd period - Stopped by John Gibson with a rebound.
6:14 of 3rd period - Slapshot by Christopher Tanev.
6:14 of 3rd period - Shot Blocked by Alexander Romanov.
6:16 of 3rd period - Slapshot by Ivan Barbashev.
6:16 of 3rd period - Shot Misses the Net.
6:25 of 3rd period - Off-side.
6:26 of 3rd period - Ryan Hartman wins face-off versus Cooper Marody in neutral zone.
6:39 of 3rd period - Jakub Zboril is hit by Simon Nemec and loses puck.
6:54 of 3rd period - Noah Dobson is hit by Simon Nemec and loses puck.
7:03 of 3rd period - Wrist shot by Christian Dvorak.
7:03 of 3rd period - Stopped by John Gibson with a rebound.
7:23 of 3rd period - Owen Power is hit by Derek Forbort.
7:35 of 3rd period - Snap shot by Vitali Kravtsov.
7:35 of 3rd period - Stopped by Alex Nedeljkovic without a rebound.
7:36 of 3rd period - Seth Jarvis wins face-off versus Adam Henrique in San Jose Sharks zone.
8:01 of 3rd period - Erik Brannstrom is hit by Christopher Tanev and loses puck.
8:22 of 3rd period - Slapshot by Cole Perfetti.
8:22 of 3rd period - Stopped by Alex Nedeljkovic with a rebound.
8:28 of 3rd period - K'Andre Miller is hit by Valeri Nichushkin and loses puck.
9:22 of 3rd period - Wrist shot by Cole Perfetti.
9:22 of 3rd period - Stopped by Alex Nedeljkovic with a rebound.
9:42 of 3rd period - Snap shot by Dylan Strome.
9:42 of 3rd period - Shot Blocked by Owen Power.
9:44 of 3rd period - Slapshot by Dylan Strome.
9:44 of 3rd period - Stopped by John Gibson without a rebound.
9:45 of 3rd period - Seth Jarvis wins face-off versus Adam Henrique in Los Angeles Kings zone.
9:45 of 3rd period - Seth Jarvis is hit by Ivan Barbashev.
10:09 of 3rd period - Alexander Radulov is hit by William Karlsson and loses puck.
10:34 of 3rd period - Snap shot by Cole Perfetti.
10:34 of 3rd period - Shot Blocked by Rickard Rakell.
10:36 of 3rd period - Wrist shot by Erik Brannstrom.
10:36 of 3rd period - Goal by Erik Brannstrom - San Jose Sharks : 2 - Los Angeles Kings : 3.
10:37 of 3rd period - William Karlsson wins face-off versus Seth Jarvis in neutral zone.
10:40 of 3rd period - Wrist shot by Dylan Strome.
10:40 of 3rd period - Stopped by John Gibson with a rebound.
10:42 of 3rd period - Snap shot by Dmitry Orlov.
10:42 of 3rd period - Shot Misses the Net.
10:44 of 3rd period - Snap shot by William Karlsson.
10:44 of 3rd period - Stopped by John Gibson with a rebound.
10:54 of 3rd period - Slapshot by Dylan Strome.
10:54 of 3rd period - Shot Misses the Net.
11:00 of 3rd period - Minor Penalty to Andrei Svechnikov for Hooking.
11:01 of 3rd period - Cole Perfetti wins face-off versus William Karlsson in Los Angeles Kings zone.
11:12 of 3rd period - Snap shot by William Karlsson.
11:12 of 3rd period - Shot Misses the Net.
11:14 of 3rd period - Slapshot by Derek Forbort.
11:14 of 3rd period - Shot Blocked by Alexander Romanov.
11:16 of 3rd period - Snap shot by Derek Forbort.
11:16 of 3rd period - Stopped by John Gibson with a rebound.
11:18 of 3rd period - Snap shot by Valeri Nichushkin.
11:18 of 3rd period - Shot Blocked by K'Andre Miller.
13:00 of 3rd period - Penalty to Andrei Svechnikov is over, Andrei Svechnikov is back on ice.
13:03 of 3rd period - Backhand shot by Andrei Kuzmenko.
13:03 of 3rd period - Shot Blocked by Connor Murphy.
13:20 of 3rd period - Snap shot by Andrei Kuzmenko.
13:20 of 3rd period - Deflect By Andrei Svechnikov.
13:20 of 3rd period - Stopped by Alex Nedeljkovic with a rebound.
14:09 of 3rd period - Off-side.
14:10 of 3rd period - Cole Perfetti wins face-off versus Ilya Mikheyev in neutral zone.
14:21 of 3rd period - Snap shot by Ilya Mikheyev.
14:21 of 3rd period - Stopped by John Gibson with a rebound.
14:23 of 3rd period - Snap shot by John Hayden.
14:23 of 3rd period - Stopped by John Gibson without a rebound.
14:24 of 3rd period - Ivan Barbashev wins face-off versus Cole Perfetti in Los Angeles Kings zone.
14:33 of 3rd period - Wrist shot by Cole Perfetti.
14:33 of 3rd period - Stopped by Alex Nedeljkovic with a rebound.
14:49 of 3rd period - Cooper Marody is hit by Derek Forbort and loses puck.
15:15 of 3rd period - Alexander Romanov is hit by Connor Murphy.
15:31 of 3rd period - Snap shot by Vitali Kravtsov.
15:31 of 3rd period - Shot Blocked by Simon Nemec.
15:33 of 3rd period - Snap shot by Vitali Kravtsov.
15:33 of 3rd period - Stopped by Alex Nedeljkovic with a rebound.
15:35 of 3rd period - Slapshot by Alexander Romanov.
15:35 of 3rd period - Stopped by Alex Nedeljkovic with a rebound.
15:37 of 3rd period - Wrist shot by Jakub Zboril.
15:37 of 3rd period - Shot Blocked by Calle Rosen.
15:42 of 3rd period - Wrist shot by K'Andre Miller.
15:42 of 3rd period - Deflect By Simon Nemec.
15:42 of 3rd period - Stopped by Alex Nedeljkovic with a rebound.
15:44 of 3rd period - Snap shot by Jakub Zboril.
15:44 of 3rd period - Deflect By Vitali Kravtsov.
15:44 of 3rd period - Stopped by Alex Nedeljkovic with a rebound.
15:46 of 3rd period - Slapshot by Vitali Kravtsov.
15:46 of 3rd period - Deflect By Cooper Marody.
15:46 of 3rd period - Shot Misses the Net.
15:46 of 3rd period - Puck is out of play.
15:47 of 3rd period - Ryan Reaves wins face-off versus Rickard Rakell in San Jose Sharks zone.
16:14 of 3rd period - Noah Dobson is hit by William Karlsson.
16:18 of 3rd period - Wrist shot by Owen Power.
16:18 of 3rd period - Shot Misses the Net.
18:31 of 3rd period - Slapshot by Alexander Romanov.
18:31 of 3rd period - Stopped by Alex Nedeljkovic with a rebound.
18:57 of 3rd period - San Jose Sharks, Alex Nedeljkovic is pulled from the net.
18:57 of 3rd period - Snap shot by William Karlsson.
18:57 of 3rd period - Deflect By Valeri Nichushkin.
18:57 of 3rd period - Shot Blocked by Erik Brannstrom.
18:57 of 3rd period - Puck is out of play.
18:58 of 3rd period - Jeff Blashill call a timeout for San Jose Sharks.
18:58 of 3rd period - Valeri Nichushkin wins face-off versus Seth Jarvis in Los Angeles Kings zone.
19:23 of 3rd period - Wrist shot by William Karlsson.
19:23 of 3rd period - Shot Misses the Net.
19:25 of 3rd period - Wrist shot by Derek Forbort.
19:25 of 3rd period - Deflect By Valeri Nichushkin.
19:25 of 3rd period - Shot Misses the Net.
19:25 of 3rd period - Puck is out of play.
19:26 of 3rd period - William Karlsson wins face-off versus Seth Jarvis in Los Angeles Kings zone.
Goals for this period are 0 for San Jose Sharks vs 1 for Los Angeles Kings.
Shots for this period are 18 for San Jose Sharks vs 16 for Los Angeles Kings.
Back to the Top